 Dungeon Crawl Stone Soup version 0.31-a0-881-ge136f0c47a (webtiles) character file.

Game seed: 15514648873559746201

573 jt the Cudgeller (level 7, -8/70 HPs)
             Began as a Naga Artificer on Oct 15, 2023.
             Was a Believer of Elyvilon.
             Mangled by an orc warrior
             ... wielding a +0 halberd
              (15 damage)
             ... on level 5 of the Dungeon.
             The game lasted 00:09:36 (4955 turns).

jt the Cudgeller (Naga Artificer)                   Turns: 4955, Time: 00:09:37

Health: -8/70      AC:  4    Str: 14    XL:     7   Next: 34%
Magic:  7/7        EV:  9    Int: 11    God:    Elyvilon [**....]
Gold:   257        SH:  0    Dex: 12    Spells: 6/6 levels left

rFire   . . .        a - +4 flail of Qauf {flame, rElec rC+++ Will- Str-2}
rCold   + + +        (no shield)
rNeg    . . .        b - +0 leather armour
rPois   +            (helmet currently unavailable)
rElec   +            (cloak currently unavailable)
rCorr   .            (gloves currently unavailable)
SInv    +            (no barding)
Will    .....        r - amulet of the acrobat
Stlth   ++           (no ring)
HPRegen 1.11/turn    (no ring)
MPRegen 0.10/turn

%: acrobat, clarity
@: brilliant, beast-form, enlightened, flying, hasted, quick
A: beast (slay +1), AC +2, large, see invisible, deformed body, poison
resistance, slowness 2, spit poison 1, naga tail 1, clarity, regeneration 1,
robust 1
a: Spit Poison, Begin Untransformation, Renounce Religion, Purification, Heal
Other


You were on level 5 of the Dungeon.
You worshipped Elyvilon.
Elyvilon was pleased with you.
You were a hulking beast.
You visited 1 branch of the dungeon, and saw 5 of its levels.

You collected 257 gold pieces.

Inventory:

Hand Weapons
 a - the +4 flail of Qauf (weapon) {flame, rElec rC+++ Will- Str-2}
   (You found it on level 3 of the Dungeon)

   Str-2:     It affects your strength (-2).
   rC+++:     It renders you almost immune to cold.
   rElec:     It insulates you from electricity.
   Will-:     It decreases your willpower.
 j - a +0 dagger
 p - a +0 hand axe
 u - a +1 vampiric dagger
 y - a +0 dagger of electrocution
 D - a +0 club
 F - a +0 war axe
 G - a +0 halberd
Missiles
 g - 41 stones
 n - a poisoned dart
Armour
 b - a +0 leather armour (worn)
 m - a +0 pair of gloves
 t - a +0 helmet
 z - the +1 cloak "Toophea" {-Cast Harm Int-2 SInv}
   (You found it on level 4 of the Dungeon)

   Int-2:     It affects your intelligence (-2).
   SInv:      It lets you see invisible.
   -Cast:     It prevents spellcasting.
   Harm:      It increases damage dealt and taken.
Magical Staves
 q - a staff of cold
Jewellery
 r - an amulet of the acrobat (around neck)
 v - an amulet of magic regeneration
Talismans
 h - a beast talisman (active)
 E - a maw talisman
Wands
 c - a wand of flame (14)
 d - a wand of charming (15)
 e - a wand of iceblast (4)
Scrolls
 f - a scroll of enchant armour
 l - a scroll of teleportation
 o - a scroll of fog
 x - a scroll of amnesia
 A - a scroll of brand weapon
 C - 2 scrolls of noise
Potions
 k - a potion of might
 B - a potion of mutation
 H - a potion of ambrosia {unknown}
 I - a potion of attraction {unknown}


   Skills:
 + Level 4.0 Fighting
 + Level 4.4 Maces & Flails
 - Level 1.5 Armour
 - Level 0.7 Dodging
 - Level 3.0 Stealth
 - Level 3.0 Evocations
 + Level 3.4 Shapeshifting


You had 6 spell levels left.
You didn't know any spells.
Your spell library contained the following spells:

 Spells                   Type           Power      Damage    Failure   Level
 Shock                    Conj/Air       0%         1d3       41%         1
 Swiftness                Air            0%         N/A       78%         3
 Airstrike                Air            0%         2d(0-16)  99%         4
 Brom's Barrelling Bould  Conj/Erth      0%         2d3       99%         4
 Fireball                 Conj/Fire      0%         3d3       100%        5
 Iskenderun's Battlesphe  Conj           0%         2d6       100%        5
 Conjure Ball Lightning   Conj/Air       0%         3x3d6     100%        6
 Orb of Destruction       Conj           0%         9d5       100%        7


Dungeon Overview and Level Annotations

Branches:
Dungeon (5/15)             Temple (0/1) D:5

Altars:
Elyvilon
Makhleb
Nemelex Xobeh
Uskayaw
Wu Jian
Zin

Shops:
D:4 :

Annotations:
D:2 1 runed translucent door, Crazy Yiuf


Innate Abilities, Weirdness & Mutations

You are a hulking beast.
Your limbs bulge with bestial killing power. (Slay +1)
Your serpentine skin is tough. (AC +2)
You have supernaturally acute eyesight. (SInv)
Armour fits poorly on your strangely shaped body.
Your system is resistant to poisons. (rPois)
You cover ground very slowly.
You can spit poison.
You have a snake-like lower body.
You possess an exceptional clarity of mind.
Your natural rate of healing is unusually fast.
You are robust. (+10% HP)


Message History

The orc warrior hits you with a +0 halberd!
You barely miss the orc warrior.
The orc warrior is severely wounded.
The orc warrior hits you with a +0 halberd.
You hit the orc warrior but do no damage.
The orc warrior is severely wounded.
The orc warrior barely misses you.
Okay, then.
Okay, then.
Press: ? - help, Dir - move target, f/p - orc warrior Heal: an orc warrior, wielding a +0 halberd and wearing a +0 plate armour (severely wounded, uninterested) Unknown command.
It was a potion of mutation.
You feel extremely strange.
Your thoughts seem clearer.
You begin to heal more quickly.
You feel robust.
The orc warrior hits you with a +0 halberd!
* * * LOW HITPOINT WARNING * * *
Okay, then.
Okay, then.
You hit the orc warrior but do no damage.
Your punch misses the orc warrior.
The orc warrior is severely wounded.
You have got your breath back.
The orc warrior hits you with a +0 halberd!
* * * LOW HITPOINT WARNING * * *
Press: ? - help, v - describe, . - travel
Here: an orc warrior, wielding a +0 halberd and wearing a +0 plate armour (severely wounded)
The floor, spattered with blood.
It was a potion of brilliance.
You feel clever all of a sudden.
The orc warrior hits you with a +0 halberd!
Elyvilon protects you from harm!
Press: ? - help, v - describe, . - travel
Here: an orc warrior, wielding a +0 halberd and wearing a +0 plate armour (severely wounded)
The floor, spattered with blood.
It was a potion of enlightenment.
You feel very buoyant.
You fly up into the air.
The orc warrior barely misses you.
It was a potion of haste.
You feel yourself speed up.
The orc warrior hits you with a +0 halberd!
You die...

#.............[##.....#
#.####............._... #.#
#........o##.o..
#####'####.........#..#
#........#......)....#
#........##+#...###.)......
#).......##.###.# ######...
#........##.###o######## #
#####'#####....h........
#†# #####.######## #.####
#......... #....#
########## #####'######
#..........###########
#....................#
#..............#####.#
#..............#


You could see an orc warrior.

Vanquished Creatures
  A water moccasin (D:5)
  An ogre (D:3)
  A phantom (D:5)
  A scorpion (D:5)
  2 hounds
  A sleepcap (D:5)
  Jessica (D:2)
  Robin (D:2)
  3 adders (D:4)
  A white imp (D:5)
  3 worms
  4 orcs
  7 endoplasms
  A giant cockroach (D:4)
  11 goblins
  11 hobgoblins
  6 jackals
  10 kobolds
  4 quokkas
  6 ball pythons
  3 bats
  3 frilled lizards (D:2)
  5 rats
87 creatures vanquished.

Notes
Turn   | Place    | Note
-------+----------+-------------------------------------------
     0 | D:1      | jt the Naga Artificer began the quest for the Orb.
     0 | D:1      | Reached XP level 1. HP: 18/18 MP: 1/1
   234 | D:1      | Reached XP level 2. HP: 8/25 MP: 2/2
  1074 | D:2      | Reached skill level 1 in Shapeshifting
  1088 | D:2      | Reached XP level 3. HP: 10/32 MP: 3/3
  1342 | D:2      | Found a runed translucent door.
  1343 | D:2      | Noticed Crazy Yiuf
  1396 | D:2      | Noticed Jessica
  1398 | D:2      | Killed Jessica
  1474 | D:2      | Reached XP level 4. HP: 39/40 MP: 4/4
  1790 | D:2      | Noticed Robin
  1808 | D:2      | Killed Robin
  2122 | D:3      | Found a white marble altar of Elyvilon.
  2226 | D:3      | Noticed an ogre
  2233 | D:3      | Killed an ogre
  2234 | D:3      | Reached XP level 5. HP: 26/49 MP: 5/5
  2351 | D:3      | Became a worshipper of Elyvilon the Healer
  2412 | D:3      | Found a hide-covered altar of Uskayaw.
  2417 | D:3      | Identified the +4 flail of Qauf {flame, rElec rC+++ Will-
                  | Str-2}
  3122 | D:3      | Found an ornate altar of the Wu Jian Council.
  3237 | D:4      | Reached skill level 1 in Maces & Flails
  3299 | D:4      | Found Misef's Book Emporium.
  3317 | D:4      | Reached * piety under Elyvilon
  3543 | D:4      | Reached XP level 6. HP: 55/56 MP: 6/6
  3613 | D:4      | Found a glowing silver altar of Zin.
  3693 | D:4      | Found a burning altar of Makhleb.
  3737 | D:4      | Reached ** piety under Elyvilon
  3979 | D:4      | Identified the +1 cloak "Toophea" {-Cast Harm Int-2 SInv}
  4422 | D:5      | Entered Level 5 of the Dungeon
  4479 | D:5      | Found a staircase to the Ecumenical Temple.
  4525 | D:5      | Noticed a water moccasin
  4670 | D:5      | Killed a water moccasin
  4671 | D:5      | Reached XP level 7. HP: 44/63 MP: 7/7
  4931 | D:5      | Found a sparkling altar of Nemelex Xobeh.
  4951 | D:5      | Gained mutation: You possess an exceptional clarity of
                  | mind. [potion of mutation]
  4951 | D:5      | Gained mutation: Your natural rate of healing is unusually
                  | fast. [potion of mutation]
  4951 | D:5      | Gained mutation: You are robust. (+10% HP) [potion of
                  | mutation]
  4953 | D:5      | Elyvilon protects you from harm!
  4955 | D:5      | Mangled by an orc warrior

Illustrated notes

Levels and vault maps discovered:
D:1:      minmay_arrival_radiant_lines, layout_loops_corners, serial_glass,
          glass_columns_c, glass_columns_a
D:2:      layout_basic, uniq_crazy_yiuf_cottage, uniq_jessica, uniq_robin
D:3:      layout_basic, nicolae_overflow_crystal_walls,
          nzn_wu_jian_council_hall, lemuel_doored_altar, chequers_avenue,
          corexii_item_surrounded_by_moat, roderic_serpentine_path,
          kennysheep_generic_room_3
D:4:      layout_layer_cave, overflow_temple_1_default,
          mainiacjoe_overflow_cross_hatched, serial_shops, shop,
          hangedman_abyss_or_decor_slice
D:5:      layout_basic, mainiacjoe_overflow_small_starburst,
          minmay_temple_entry_from_below_a

Skill      XL: |  1  2  3  4  5  6  7 |
---------------+----------------------+-----
Stealth        | 3 |  3.0
Shapeshifting  | 1 2 3 |  3.4
Fighting       | 2 3 4 |  4.0
Maces & Flails | 1 4 |  4.4
Armour         | |  1.5
Dodging        | |  0.7
Evocations     | |  3.0

Action                     |  1- 3 |  4- 6 |  7- 9 || total
---------------------------+-------+-------+-------++-------
  Melee: Club              |    16 |       |       ||    16
         Staff             |    34 |    32 |       ||    66
         Dagger            |     1 |    24 |       ||    25
         Flail             |       |    66 |    12 ||    78
  Throw: Dart              |       |       |     1 ||     1
Ability: Spit Poison       |    25 |    21 |     4 ||    50
  Evoke: Wand              |     1 |     1 |       ||     2
    Use: Scroll            |     1 |     8 |       ||     9
         Potion            |       |     1 |     4 ||     5
   Stab: Sleeping          |     1 |     5 |       ||     6
 Armour: Leather armour    |    35 |    67 |    12 ||   114
  Dodge: Dodged            |    33 |    57 |     9 ||    99
   Form: Beast             |     1 |       |       ||     1

Table legend: (Time is in decaauts)
 A = Elapsed time spent in this place.
 B = Non-inter-level travel time spent in this place.
 C = Inter-level travel time spent in this place.
 D = Time resting spent in this place.
 E = Time spent auto-exploring this place.
 F = Levels seen in this place.
 G = Mean time per level.
                   A        B        C        D        E       F      G
               +--------+--------+--------+--------+--------+-----+--------+
         Total |   6483 |   6332 |    151 |    775 |   4363 |   5 | 1296.6 |
       Dungeon |   6483 |   6332 |    151 |    775 |   4363 |   5 | 1296.6 |
               +--------+--------+--------+--------+--------+-----+--------+

Top non-repeatable levels by time:
     D:4: 1648 daAuts
     D:3: 1591 daAuts
     D:2: 1416 daAuts
     D:1: 1217 daAuts
     D:5: 609 daAuts
